TOP OF THE 1ST |
Villanova Wildcats batting - Pitching for Creighton Blue Jays : LHP Walton Hall
|
Pitching: LHP Walton Hall
|
|
Batting: RHB Bob Green
|
0-0: Reached on error, E6 (Groundball, 6)
|
Batting: RHB Michael Boulanger
|
0-0: Ball 1-0: Ball 2-0: Fly out, F9 (Line Drive, 89D)
|
Batting: LHB Anthony Samples
|
0-0: Called Strike 0-1: Foul Ball, location: 2F 0-2: Ball 1-2: Strikes out swinging
|
Batting: RHB Bud López
|
0-0: Ball Bob Green is caught stealing 2nd base
|
Top of the 1st over - 0 runs, 0 hits, 1 error, 0 left on base; Villanova 0 - Creighton 0 |
BOTTOM OF THE 1ST |
Creighton Blue Jays batting - Pitching for Villanova Wildcats : RHP Norm Sweetland
|
Pitching: RHP Norm Sweetland
|
|
Batting: LHB Miguel Maldonado
|
0-0: Called Strike 0-1: Called Strike 0-2: Ball 1-2: Ball 2-2: Strikes out looking
|
Batting: RHB Carlos Gómez
|
0-0: Swinging Strike 0-1: Foul Ball, location: 2F 0-2: Strikes out swinging
|
Batting: SHB Brian Estes
|
0-0: Ball 1-0: Swinging Strike 1-1: Ball 2-1: Foul Ball, location: 2F 2-2: Ball 3-2: Base on Balls
|
Batting: RHB Geoff Rainey
|
0-0: Foul Ball, location: 2F 0-1: Ball 1-1: Ball 2-1: Foul Ball, location: 2F 2-2: Ball 3-2: TRIPLE (Line Drive, 8RXD) Brian Estes scores
|
Batting: LHB Ismael Báez
|
0-0: Called Strike 0-1: Ground out 1-3 (Groundball, 13S)
|
Bottom of the 1st over - 1 run, 1 hit, 0 errors, 1 left on base; Villanova 0 - Creighton 1 |
TOP OF THE 2ND |
Villanova Wildcats batting - Pitching for Creighton Blue Jays : LHP Walton Hall
|
Batting: RHB Bud López
|
0-0: Called Strike 0-1: Ball 1-1: Swinging Strike 1-2: Ball 2-2: SINGLE (Line Drive, 6MD)
|
Batting: RHB Clay Cowden
|
0-0: Called Strike 0-1: Foul Ball, location: 2F 0-2: Ball Wild Pitch! Bud López to second 1-2: Foul Ball, location: 2F 1-2: Ball 2-2: Foul Ball, location: 2F 2-2: Ball 3-2: Strikes out looking
|
Batting: SHB Vincent McComisky
|
0-0: Foul Ball, location: 2F 0-1: Called Strike 0-2: Foul Ball, location: 2F 0-2: Strikes out swinging
|
Batting: SHB John Gonzáles
|
0-0: Called Strike 0-1: Fly out, F5 (Line Drive, 5)
|
Top of the 2nd over - 0 runs, 1 hit, 0 errors, 1 left on base; Villanova 0 - Creighton 1 |
BOTTOM OF THE 2ND |
Creighton Blue Jays batting - Pitching for Villanova Wildcats : RHP Norm Sweetland
|
Batting: RHB Lucas Archer
|
0-0: Ball 1-0: Ball 2-0: Ball 3-0: Base on Balls
|
Batting: LHB Bernard Lane
|
0-0: Called Strike 0-1: Swinging Strike 0-2: Ball 1-2: Fielders Choice at 2nd, 1-6 (Groundball, P)
|
Batting: LHB David Trent
|
0-0: SINGLE (Flyball, 8RS) Bernard Lane to second Runner from 2nd tries for 3rd, OUT!
|
Batting: LHB Mike Collier
|
0-0: Called Strike 0-1: Ball 1-1: Called Strike 1-2: Strikes out swinging
|
Bottom of the 2nd over - 0 runs, 1 hit, 0 errors, 1 left on base; Villanova 0 - Creighton 1 |
TOP OF THE 3RD |
Villanova Wildcats batting - Pitching for Creighton Blue Jays : LHP Walton Hall
|
Batting: SHB Neil Floyd
|
0-0: Ball 1-0: Called Strike 1-1: Called Strike 1-2: SOLO HOME RUN (Flyball, 7LD), Distance : 364 ft
|
Batting: LHB Steve Jones
|
0-0: Called Strike 0-1: Ball 1-1: Ball 2-1: DOUBLE (Line Drive, 8RD)
|
Batting: RHB Bob Green
|
0-0: Ground out 4-3 (Groundball, 4S) Steve Jones to third
|
Batting: RHB Michael Boulanger
|
0-0: Foul Ball, location: 2F 0-1: Foul Ball, location: 2F 0-2: Ball 1-2: Foul Ball, location: 2F 1-2: Foul Ball, location: 2F 1-2: Ball 2-2: Ball 3-2: SINGLE (Groundball, 3D) Steve Jones scores
|
Batting: LHB Anthony Samples
|
0-0: Ball 1-0: Called Strike 1-1: Foul Ball, location: 2F 1-2: Ball 2-2: Foul Ball, location: 2F 2-2: Foul Ball, location: 2F 2-2: Ball 3-2: Strikes out swinging
|
Batting: RHB Bud López
|
0-0: Ball 1-0: SINGLE (Flyball, 78S) Michael Boulanger to second
|
Batting: RHB Clay Cowden
|
0-0: Ball 1-0: Ball 2-0: Ball 3-0: Base on Balls Michael Boulanger to third Bud López to second
|
Batting: SHB Vincent McComisky
|
0-0: Ground out 5-3 (Groundball, 56S)
|
Top of the 3rd over - 2 runs, 4 hits, 0 errors, 3 left on base; Villanova 2 - Creighton 1 |
BOTTOM OF THE 3RD |
Creighton Blue Jays batting - Pitching for Villanova Wildcats : RHP Norm Sweetland
|
Batting: LHB Miguel Maldonado
|
0-0: Ball 1-0: Swinging Strike 1-1: Foul Ball, location: 2F 1-2: Ball 2-2: Foul Ball, location: 2F 2-2: Foul Ball, location: 2F 2-2: DOUBLE (Flyball, 89XD)
|
Batting: RHB Carlos Gómez
|
0-0: Ball 1-0: Ball 2-0: Called Strike 2-1: Foul Ball, location: 2F 2-2: Ground out 6-3 (Groundball, 6)
|
Batting: SHB Brian Estes
|
0-0: SINGLE (Line Drive, 34) Miguel Maldonado to third
|
Batting: RHB Geoff Rainey
|
0-0: DOUBLE (Line Drive, 8LD) Miguel Maldonado scores Brian Estes to third
|
Batting: LHB Ismael Báez
|
0-0: Ball 1-0: Foul Ball, location: 2F 1-1: Swinging Strike 1-2: Foul Ball, location: 2F 1-2: Ball 2-2: Foul Ball, location: 2F 2-2: Strikes out swinging
|
Batting: RHB Lucas Archer
|
0-0: Swinging Strike 0-1: Ball 1-1: 3-RUN HOME RUN (Flyball, 7LD), Distance : 371 ft
|
Batting: LHB Bernard Lane
|
0-0: Ball 1-0: Called Strike 1-1: Foul Ball, location: 2F 1-2: Foul Ball, location: 2F 1-2: SOLO HOME RUN (Flyball, 89XD), Distance : 424 ft
|
Pitching: RHP Eugene Combs
|
|
Batting: LHB David Trent
|
0-0: Ball 1-0: Foul Ball, location: 2F 1-1: Swinging Strike 1-2: Strikes out swinging
|
Bottom of the 3rd over - 5 runs, 5 hits, 0 errors, 0 left on base; Villanova 2 - Creighton 6 |
TOP OF THE 4TH |
Villanova Wildcats batting - Pitching for Creighton Blue Jays : LHP Walton Hall
|
Batting: SHB John Gonzáles
|
0-0: Called Strike 0-1: Ball 1-1: Fly out, F8 (Flyball, 8RM)
|
Batting: SHB Neil Floyd
|
0-0: Swinging Strike 0-1: Foul Ball, location: 2F 0-2: Ball 1-2: Ground out 6-3 (Groundball, 6)
|
Batting: LHB Steve Jones
|
0-0: Foul Ball, location: 2F 0-1: Called Strike 0-2: Ball 1-2: Strikes out swinging
|
Top of the 4th over - 0 runs, 0 hits, 0 errors, 0 left on base; Villanova 2 - Creighton 6 |
BOTTOM OF THE 4TH |
Creighton Blue Jays batting - Pitching for Villanova Wildcats : RHP Eugene Combs
|
Batting: LHB Mike Collier
|
0-0: Foul Ball, location: 2F 0-1: Ball 1-1: Swinging Strike 1-2: Ball 2-2: Ball 3-2: Foul Ball, location: 2F 3-2: Strikes out looking
|
Batting: LHB Miguel Maldonado
|
0-0: Called Strike 0-1: SINGLE (Groundball, 56) (infield hit)
|
Batting: RHB Carlos Gómez
|
0-0: Ball 1-0: Ball 2-0: Foul Ball, location: 2F 2-1: Foul Ball, location: 2F 2-2: Foul Ball, location: 2F 2-2: Strikes out swinging
|
Batting: SHB Brian Estes
|
0-0: Ball 1-0: Foul Ball, location: 2F 1-1: Fly out, F7 (Flyball, 7D)
|
Bottom of the 4th over - 0 runs, 1 hit, 0 errors, 1 left on base; Villanova 2 - Creighton 6 |
TOP OF THE 5TH |
Villanova Wildcats batting - Pitching for Creighton Blue Jays : LHP Walton Hall
|
Batting: RHB Bob Green
|
0-0: Foul Ball, location: 2F 0-1: Called Strike 0-2: Ball 1-2: Ball 2-2: Ground out 4-3 (Groundball, 4)
|
Batting: RHB Michael Boulanger
|
0-0: SINGLE (Line Drive, 9S)
|
Batting: LHB Anthony Samples
|
0-0: Hit by Pitch Michael Boulanger to second
|
Batting: RHB Bud López
|
0-0: Called Strike 0-1: Fielders Choice at 2nd, 6-4 (Groundball, 6) Michael Boulanger to third
|
Pitching: RHP Theodore Hayes
|
|
Batting: RHB Clay Cowden
|
0-0: Ball 1-0: Called Strike 1-1: Foul Ball, location: 2F 1-2: Ball 2-2: Strikes out swinging
|
Top of the 5th over - 0 runs, 1 hit, 0 errors, 2 left on base; Villanova 2 - Creighton 6 |
BOTTOM OF THE 5TH |
Creighton Blue Jays batting - Pitching for Villanova Wildcats : RHP Eugene Combs
|
Batting: RHB Geoff Rainey
|
0-0: Called Strike 0-1: Called Strike 0-2: Fly out, F8 (Flyball, 8LS)
|
Batting: LHB Ismael Báez
|
0-0: Ball 1-0: SINGLE (Flyball, 8RS)
|
Batting: RHB Lucas Archer
|
0-0: Called Strike 0-1: Foul Ball, location: 2F 0-2: Foul Ball, location: 2F 0-2: Ball 1-2: Ball 2-2: Ball 3-2: Foul Ball, location: 2F 3-2: Base on Balls Ismael Báez to second
|
Batting: LHB Bernard Lane
|
0-0: Called Strike 0-1: Called Strike 0-2: Ball 1-2: Foul Ball, location: 2F 1-2: Strikes out looking
|
Batting: LHB David Trent
|
0-0: Called Strike 0-1: Ball 1-1: SINGLE (Groundball, 4MD) Ismael Báez to third Lucas Archer to second Runner from 3rd tries for Home, SAFE, no throw
|
Batting: LHB Mike Collier
|
0-0: Ball 1-0: Called Strike 1-1: Swinging Strike 1-2: Ball 2-2: Ball 3-2: Strikes out swinging
|
Bottom of the 5th over - 1 run, 2 hits, 0 errors, 2 left on base; Villanova 2 - Creighton 7 |
TOP OF THE 6TH |
Villanova Wildcats batting - Pitching for Creighton Blue Jays : RHP Theodore Hayes
|
Batting: SHB Vincent McComisky
|
0-0: Called Strike 0-1: Foul Ball, location: 2F 0-2: Foul Ball, location: 2F 0-2: Ball 1-2: Strikes out swinging
|
Batting: SHB John Gonzáles
|
0-0: Called Strike 0-1: Ball 1-1: Reached on error, E4 (Groundball, 4)
|
Batting: SHB Neil Floyd
|
0-0: 2-RUN HOME RUN (Flyball, 89XD), Distance : 403 ft
|
Batting: LHB Steve Jones
|
0-0: Foul Ball, location: 2F 0-1: Ball 1-1: Ball 2-1: Foul Ball, location: 2F 2-2: Ball 3-2: Base on Balls
|
Pitching: RHP Rubén Maldonado
|
|
Batting: RHB Bob Green
|
0-0: Ball 1-0: Called Strike 1-1: Foul Ball, location: 2F 1-2: Ball 2-2: Ball 3-2: Base on Balls Steve Jones to second
|
Batting: RHB Michael Boulanger
|
0-0: 3-RUN HOME RUN (Flyball, 7D), Distance : 399 ft
|
Pitching: LHP Gilbert Burris
|
|
Batting: LHB Anthony Samples
|
0-0: SOLO HOME RUN (Flyball, 9D), Distance : 370 ft
|
Batting: RHB Bud López
|
0-0: Swinging Strike 0-1: Ball 1-1: Ball 2-1: DOUBLE (Flyball, 8RXD)
|
Batting: RHB Clay Cowden
|
0-0: Intentional Walk
|
Batting: SHB Vincent McComisky
|
0-0: Fielders Choice at 2nd, 4-6 (Groundball, 4M) Bud López to third
|
Batting: SHB John Gonzáles
|
0-0: Called Strike 0-1: Ball 1-1: Ball 2-1: Foul Ball, location: 2F 2-2: Strikes out looking
|
Top of the 6th over - 6 runs, 4 hits, 1 error, 2 left on base; Villanova 8 - Creighton 7 |
BOTTOM OF THE 6TH |
Creighton Blue Jays batting - Pitching for Villanova Wildcats : RHP Eugene Combs
|
Batting: LHB Miguel Maldonado
|
0-0: Ball 1-0: Ball 2-0: Fly out, F5 (Popup, 5SF)
|
Batting: RHB Carlos Gómez
|
0-0: Foul Ball, location: 2F 0-1: Ball 1-1: Called Strike 1-2: Strikes out swinging
|
Batting: SHB Brian Estes
|
0-0: Fly out, F3 (Line Drive, 3)
|
Bottom of the 6th over - 0 runs, 0 hits, 0 errors, 0 left on base; Villanova 8 - Creighton 7 |
TOP OF THE 7TH |
Villanova Wildcats batting - Pitching for Creighton Blue Jays : LHP Gilbert Burris
|
Batting: SHB Neil Floyd
|
0-0: Foul Ball, location: 2F 0-1: Ball 1-1: Swinging Strike 1-2: Ball 2-2: Strikes out swinging
|
Batting: LHB Steve Jones
|
0-0: Ball 1-0: Ball 2-0: Ball 3-0: Base on Balls
|
Batting: RHB Bob Green
|
0-0: SINGLE (Groundball, 4S) (infield hit) Steve Jones to second
|
Batting: RHB Michael Boulanger
|
0-0: Ball Throwing error on steal attempt, E2 Steve Jones scores Bob Green to third 1-0: Intentional Walk
|
Batting: LHB Anthony Samples
|
0-0: Ball 1-0: Called Strike 1-1: Foul Ball, location: 2F 1-2: Strikes out swinging
|
Pitching: RHP Gunnar Jenkins
|
|
Batting: RHB Bud López
|
0-0: 3-RUN HOME RUN (Flyball, 7D), Distance : 406 ft
|
Batting: RHB Clay Cowden
|
0-0: Ball 1-0: Foul Ball, location: 2F 1-1: Called Strike 1-2: Foul Ball, location: 2F 1-2: Strikes out looking
|
Top of the 7th over - 4 runs, 2 hits, 1 error, 0 left on base; Villanova 12 - Creighton 7 |
BOTTOM OF THE 7TH |
Creighton Blue Jays batting - Pitching for Villanova Wildcats : RHP Eugene Combs
|
Batting: RHB Geoff Rainey
|
0-0: Called Strike 0-1: Ball 1-1: Hit by Pitch
|
Batting: LHB Ismael Báez
|
0-0: Ball 1-0: Called Strike 1-1: Foul Ball, location: 2F 1-2: Foul Ball, location: 2F 1-2: Strikes out swinging
|
Pitching: RHP Bill Pearson
|
|
Batting: RHB Lucas Archer
|
0-0: Called Strike 0-1: Ball 1-1: Foul Ball, location: 2F 1-2: Foul Ball, location: 2F 1-2: Foul Ball, location: 2F 1-2: Foul Ball, location: 2F 1-2: Ball 2-2: Ball 3-2: Fly out, F9 (Flyball, 9S)
|
Batting: LHB Bernard Lane
|
0-0: Ball 1-0: Ball 2-0: Ball 3-0: Base on Balls Geoff Rainey to second
|
Batting: LHB David Trent
|
0-0: Ball Wild Pitch! Geoff Rainey to third Bernard Lane to second 1-0: Fly out, F8 (Line Drive, 78M)
|
Bottom of the 7th over - 0 runs, 0 hits, 0 errors, 2 left on base; Villanova 12 - Creighton 7 |
TOP OF THE 8TH |
Villanova Wildcats batting - Pitching for Creighton Blue Jays : RHP Gunnar Jenkins
|
Batting: SHB Vincent McComisky
|
0-0: Ball 1-0: Called Strike 1-1: Ball 2-1: Ball 3-1: Base on Balls
|
Batting: SHB John Gonzáles
|
0-0: Foul Ball, location: 2F 0-1: Ball 1-1: Ball 2-1: Reached on error, E9 (Flyball, 89M) Vincent McComisky to second
|
Batting: SHB Neil Floyd
|
0-0: Ball 1-0: Called Strike 1-1: Ball 2-1: Ball 3-1: Base on Balls Vincent McComisky to third John Gonzáles to second
|
Batting: LHB Steve Jones
|
0-0: Ball 1-0: Foul Ball, location: 2F 1-1: SINGLE (Line Drive, 8LS) Vincent McComisky scores John Gonzáles to third Neil Floyd to second
|
Batting: RHB Bob Green
|
0-0: Ball 1-0: Ball 2-0: Called Strike 2-1: Ball 3-1: Base on Balls John Gonzáles scores Neil Floyd to third Steve Jones to second
|
Batting: RHB Michael Boulanger
|
0-0: Foul Ball, location: 2F 0-1: Foul Ball, location: 2F 0-2: Ball 1-2: Foul Ball, location: 2F 1-2: Ball 2-2: DOUBLE (Line Drive, 9LM) Neil Floyd scores Steve Jones scores Bob Green to third
|
Pitching: RHP Jason Lawson
|
|
Batting: LHB Anthony Samples
|
0-0: Fly out, F7 (Flyball, 7D) Runner from 3rd tags up, SCORES, no throw
|
Batting: RHB Bud López
|
0-0: Ball 1-0: Foul Ball, location: 2F 1-1: Swinging Strike 1-2: Ball 2-2: Strikes out swinging
|
Batting: RHB Clay Cowden
|
0-0: Called Strike 0-1: Fly out, F9 (Line Drive, 9S)
|
Top of the 8th over - 5 runs, 2 hits, 1 error, 1 left on base; Villanova 17 - Creighton 7 |
BOTTOM OF THE 8TH |
Creighton Blue Jays batting - Pitching for Villanova Wildcats : RHP Bill Pearson
|
Batting: LHB Mike Collier
|
0-0: Ball 1-0: SOLO HOME RUN (Flyball, 9LD), Distance : 331 ft
|
Batting: LHB Miguel Maldonado
|
0-0: SINGLE (Groundball, 4) (infield hit)
|
Batting: RHB Carlos Gómez
|
0-0: Ball 1-0: Foul Ball, location: 2F 1-1: Foul Ball, location: 2F 1-2: Ball 2-2: Ball 3-2: Base on Balls Miguel Maldonado to second
|
Batting: SHB Brian Estes
|
0-0: Ball 1-0: Ball 2-0: Called Strike 2-1: Ball 3-1: Base on Balls Miguel Maldonado to third Carlos Gómez to second
|
Batting: RHB Geoff Rainey
|
0-0: Called Strike 0-1: Ball 1-1: GRAND SLAM HOME RUN (Flyball, 7LD), Distance : 379 ft
|
Pitching: LHP Anthony Lewis
|
|
Batting: LHB Ismael Báez
|
0-0: Called Strike 0-1: Ball 1-1: Called Strike 1-2: Foul Ball, location: 2F 1-2: Foul Ball, location: 2F 1-2: Foul Ball, location: 2F 1-2: Foul Ball, location: 2F 1-2: Ground out 4-3 (Groundball, 34D)
|
Batting: RHB Lucas Archer
|
0-0: Called Strike 0-1: Ball 1-1: Foul Ball, location: 2F 1-2: Strikes out looking
|
Batting: LHB Bernard Lane
|
0-0: Called Strike 0-1: Ball 1-1: Ball 2-1: Foul Ball, location: 2F 2-2: Strikes out swinging
|
Bottom of the 8th over - 5 runs, 3 hits, 0 errors, 0 left on base; Villanova 17 - Creighton 12 |
TOP OF THE 9TH |
Villanova Wildcats batting - Pitching for Creighton Blue Jays : RHP Jason Lawson
|
Batting: SHB Vincent McComisky
|
0-0: Called Strike 0-1: Fly out, F8 (Flyball, 8LS)
|
Batting: SHB John Gonzáles
|
0-0: Ball 1-0: Ball 2-0: Swinging Strike 2-1: Called Strike 2-2: Strikes out looking
|
Batting: SHB Neil Floyd
|
0-0: Foul Ball, location: 2F 0-1: Ball 1-1: Ball 2-1: Called Strike 2-2: Foul Ball, location: 2F 2-2: Ball 3-2: Base on Balls
|
Batting: LHB Steve Jones
|
0-0: Ball 1-0: Ball 2-0: Ball 3-0: Called Strike 3-1: Base on Balls Neil Floyd to second
|
Batting: RHB Bob Green
|
0-0: Ground out 4-3 (Groundball, 4)
|
Top of the 9th over - 0 runs, 0 hits, 0 errors, 2 left on base; Villanova 17 - Creighton 12 |
BOTTOM OF THE 9TH |
Creighton Blue Jays batting - Pitching for Villanova Wildcats : LHP Anthony Lewis
|
Batting: LHB David Trent
|
0-0: Ball 1-0: Foul Ball, location: 2F 1-1: Swinging Strike 1-2: Strikes out swinging
|
Batting: LHB Mike Collier
|
0-0: Ball 1-0: Called Strike 1-1: Foul Ball, location: 2F 1-2: Ball 2-2: Strikes out swinging
|
Batting: LHB Miguel Maldonado
|
0-0: Called Strike 0-1: Ball 1-1: Ball 2-1: Fly out, F8 (Line Drive, 8LD)
|
Bottom of the 9th over - 0 runs, 0 hits, 0 errors, 0 left on base; Villanova 17 - Creighton 12 |
|